Map: Blueshift LE

Players

Lighting

  • Race: Protoss Protoss
  • Spawn Location: 1:00

Stephano - Winner!

  • Race: Zerg Zerg
  • Spawn Location: 7:00

Event: WCS Montreal 2018

VOD

Have the link to the VOD?

Description

Time

  • Played on: Sept. 7, 2018, 12:27 p.m.
  • Length: 3:51

All games in this series

Show
View Real Time Build Order
Export as new Build Order

Lighting Protoss 

Build Orders:  

Get SALT Encoding   

  12  0:02  Probe  
  13  0:14  Probe  
  14  0:21  Pylon  
  14  0:26  Probe  
  15  0:37  Probe  
  16  0:45  Gateway, Probe  
  17  0:53  Probe  
  17  0:56  Assimilator  
  18  1:05  Probe  
  19  1:14  Probe  
  19  1:22  Probe  
  19  1:23  Pylon  
  21  1:35  Cybernetics Core  
  21  1:37  Zealot  
  23  1:42  Gateway  
  23  1:46  Assimilator  
  23  1:52  Probe  
  24  2:04  Zealot  
  26  2:31  Zealot  
  26  2:32  Zealot  
  30  2:45  Probe  
  30  2:50  Robotics Facility  
  31  2:57  Probe  
  30  3:03  Zealot  
  30  3:11  Zealot  
Show
View Real Time Build Order
Export as new Build Order

Stephano Zerg - Winner!

Build Orders: Hatch First 

Get SALT Encoding   

  12  0:01  Drone  
  13  0:11  Drone  
  14  0:18  Overlord  
  14  0:29  Extractor, Drone  
  15  0:36  Drone x2  
  17  0:52  Drone  
  17  0:55  Extractor  
  17  0:57  Hatchery  
  16  1:11  Spawning Pool  
  15  1:15  Drone  
  15  1:17  Drone  
  17  1:21  Drone  
  18  1:27  Drone  
  19  1:41  Drone  
  20  1:57  Metabolic Boost  
  20  2:00  Zergling x4  
  22  2:09  Queen  
  22  2:10  Zergling x2  
  25  2:18  Zergling x2  
  25  2:22  Spine Crawler x2  
  24  2:25  Overlord  
  25  2:32  Spine Crawler  
  24  2:37  Zergling x2  
  24  2:40  Spine Crawler  
  24  2:42  Spine Crawler x2  
  22  2:52  Spine Crawler  
  22  2:55  Zergling x10  
  24  3:03  Queen  
  26  3:09  Zergling x2  
  26  3:10  Spine Crawler  
  26  3:15  Zergling x4  
  26  3:17  Spine Crawler  
  28  3:22  Zergling x2  
  29  3:28  Zergling x2  
Tags
 
Add a new tag
Caveats
  • Supply blocks, unpowered buildings, or Contaminate may cause inaccurate times.
  • Supply counts are checked every 10 seconds.